 Dungeon Crawl Stone Soup version 0.18-a0-846-g91b95b1 (webtiles) character file.

1201 tof the Skirmisher (level 8, -9/70 HPs)
             Began as a Minotaur Monk on Dec 20, 2015.
             Was a Believer of the Shining One.
             Mangled by a troll (10 damage)
             ... on level 6 of the Dungeon.
             The game lasted 00:15:59 (3783 turns).

tof the Skirmisher (Minotaur Monk)                  Turns: 3783, Time: 00:16:00

Health: -9/70      AC: 17    Str: 15    XL:     8   Next: 21%
Magic:  4/7        EV:  7    Int:  7    God:    the Shining One [**....]
Gold:   203        SH: 19    Dex: 16    Spells: 0 memorised, 7 levels left

rFire  + . .     SeeInvis .     t - +0 flail
rCold  + + .     Gourm    .     j - +2 chain mail {rC+}
rNeg   + . .     Faith    .     v - +0 shield
rPois  .         Spirit   .     (helmet restricted)
rElec  .         Dismiss  .     z - +0 cloak
rCorr  .         Reflect  +     u - +0 pair of gloves
SustAt .         Harm     .     C - +2 pair of boots
MR     .....                    A - +3 amulet of reflection
Stlth  ..........               i - ring of protection from fire
                                G - ring of protection from cold

@: divine shield, glowing, not resistant to hostile enchantments, extremely
unstealthy
A: retaliatory headbutt, horns 2
a: Divine Shield, Renounce Religion


You were on level 6 of the Dungeon.
You worshipped the Shining One.
The Shining One was pleased with you.
You were not hungry.

You visited 1 branch of the dungeon, and saw 6 of its levels.

You collected 203 gold pieces.

Inventory:

Hand Weapons
 e - a +0 club
 n - a +0 whip
 t - a +0 flail (weapon)
Armour
 a - a +0 robe
 j - a +2 chain mail of cold resistance (worn)
 u - a +0 pair of gloves (worn)
 v - a +0 shield (worn)
 z - a +0 cloak (worn)
 C - a +2 pair of boots (worn)
Jewellery
 i - a ring of protection from fire (right hand)
 l - an uncursed amulet of the gourmand
 s - an uncursed ring of magical power
 A - a +3 amulet of reflection (around neck)
 G - a ring of protection from cold (left hand)
Scrolls
 c - a scroll of blinking {unknown}
 d - 3 scrolls of remove curse {unknown}
 f - 3 scrolls of fog {unknown}
 m - 2 scrolls of amnesia {unknown}
 o - 2 scrolls of teleportation {unknown}
 w - a scroll of recharging {unknown}
 x - 3 scrolls of identify {unknown}
 H - a scroll of immolation {unknown}
Potions
 h - 2 potions of curing {unknown}
 p - 2 potions of flight {unknown}
 q - 3 potions of magic {unknown}
 r - a potion of beneficial mutation {unknown}
 B - 2 potions of might {unknown}
 F - a potion of brilliance {unknown}
 I - a potion of mutation {unknown}
Books
 y - a book of Party Tricks

   Spells                             Type                      Level
   a - Summon Butterflies             Summoning                    1
   b - Apportation                    Translocation                1
   c - Tukima's Dance                 Hexes                        3
   d - Alistair's Intoxication        Transmutation/Poison         4
   e - Invisibility                   Hexes                        6
 D - a book of Minor Magic

   Spells                             Type                      Level
   a - Magic Dart                     Conjuration                  1
   b - Blink                          Translocation                2
   c - Call Imp                       Summoning                    2
   d - Repel Missiles                 Charms/Air                   2
   e - Slow                           Hexes                        2
   f - Conjure Flame                  Conjuration/Fire             3
   g - Mephitic Cloud                 Conjuration/Poison/Air       3
 J - a book of Ice

   Spells                             Type                      Level
   a - Ice Form                       Ice/Transmutation            4
   b - Metabolic Englaciation         Hexes/Ice                    5
   c - Ozocubu's Refrigeration        Ice                          6
   d - Bolt of Cold                   Conjuration/Ice              6
   e - Freezing Cloud                 Conjuration/Ice/Air          6
   f - Simulacrum                     Ice/Necromancy               6
Comestibles
 b - 5 bread rations
 g - 3 fruits
 k - 2 beef jerkies
 E - a royal jelly


   Skills:
 + Level 6.1 Fighting
 + Level 4.8 Maces & Flails
 + Level 4.8 Armour
 + Level 4.9 Dodging
 + Level 2.1 Stealth
 + Level 5.7 Shields
 + Level 5.0 Unarmed Combat


You had 7 spell levels left.
You didn't know any spells.

Dungeon Overview and Level Annotations

Branches:
Dungeon (6/15)
 Temple: D:4-7

Altars:
Ashenzari
Yredelemnul
Zin
The Shining One

Shops:
D:4 [

Annotations:
D:6 Prince Ribbit


Innate Abilities, Weirdness & Mutations

You reflexively headbutt those who attack you in melee.
You have a pair of horns on your head.


Message History

The troll barely misses you.
Okay, then.
You hit the troll. Your headbutt misses the troll.
The troll is heavily wounded.
The troll bites you but does no damage. The troll claws you but does no damage.
The troll barely misses you.
Your shield is strengthened by the Shining One's divine power.
You feel slightly more hungry. You block the troll's attack.
You block the troll's attack. The troll claws you.
* * * LOW HITPOINT WARNING * * *
You hit the troll.
The troll is severely wounded.
The troll bites you but does no damage. The troll claws you but does no damage.
You block the troll's attack.
You sock the troll!
The troll is almost dead.
The troll bites you!
* * * LOW HITPOINT WARNING * * *
The troll claws you but does no damage. The troll claws you!
You die...

..# #.#
#.## #..##
##...####
.......
#T..#
###@.#
#...##
#.### #.#
#.# #.#
#####.#####
#.........#
#.###.###.#


You could see a troll.

Vanquished Creatures
  4 ogres
  A giant frog (D:5)
  A scorpion (D:5)
  A water moccasin skeleton (D:4)
  A crimson imp (D:5)
  A jelly (D:5)
  8 orc priests
  A hound (D:5)
  3 orc wizards (D:5)
  4 worker ants
  A hound skeleton (D:4)
  A gnoll (D:1)
  5 adders
  An adder skeleton (D:5)
  2 worms
  5 giant geckos
  17 orcs
  3 giant cockroaches
  6 goblins
  6 hobgoblins
  5 jackals (D:1)
  7 kobolds
  4 quokkas
  2 ball pythons
  10 bats
  5 giant newts
  8 rats
113 creatures vanquished.

Notes
Turn   | Place    | Note
--------------------------------------------------------------
     0 | D:1      | tof the Minotaur Monk began the quest for the Orb.
     0 | D:1      | Reached XP level 1. HP: 19/19 MP: 0/0
   273 | D:1      | Reached XP level 2. HP: 24/27 MP: 1/1
   609 | D:1      | Reached XP level 3. HP: 33/33 MP: 2/2
   818 | D:1      | Reached skill level 5 in Unarmed Combat
   979 | D:2      | Reached skill level 1 in Maces & Flails
  1107 | D:3      | Reached skill level 1 in Armour
  1204 | D:3      | Reached XP level 4. HP: 36/40 MP: 3/3
  1621 | D:4      | Noticed an ogre
  1628 | D:4      | Killed an ogre
  1628 | D:4      | Reached skill level 1 in Shields
  1628 | D:4      | Reached XP level 5. HP: 21/47 MP: 4/4
  1950 | D:4      | Found Geirenex's Antique Armour Boutique.
  2028 | D:4      | Reached XP level 6. HP: 40/55 MP: 5/5
  2227 | D:4      | Found a glowing golden altar of the Shining One.
  2234 | D:4      | Noticed an angel
  2239 | D:4      | Became a worshipper of the Shining One
  2239 | D:4      | Reached * piety under the Shining One
  2239 | D:4      | Reached ** piety under the Shining One
  2309 | D:4      | Reached skill level 5 in Fighting
  2333 | D:4      | Found a basalt altar of Yredelemnul.
  2412 | D:5      | Entered Level 5 of the Dungeon
  2483 | D:5      | Found a glowing silver altar of Zin.
  2510 | D:5      | Reached XP level 7. HP: 55/61 MP: 6/6
  3091 | D:5      | Reached skill level 6 in Fighting
  3105 | D:5      | Reached skill level 5 in Shields
  3105 | D:5      | Reached XP level 8. HP: 68/70 MP: 7/7
  3189 | D:5      | Found a shattered altar of Ashenzari.
  3216 | D:5      | Reached *** piety under the Shining One
  3701 | D:6      | Noticed Prince Ribbit
  3765 | D:6      | Noticed a troll
  3783 | D:6      | HP: 1/70 [troll (11)]
  3783 | D:6      | Mangled by a troll

Vault maps used:
D:1:      minmay_arrival_nine_rooms, amethyst_killhole
D:2:      gammafunk_temple_overflow_statue, uniq_iyjb
D:3:      first_bread
D:4:      grunt_temple_overflow_holy_war, serial_shops,
          nicolae_shop_behind_doors
D:5:      zin_academy, evilmike_ruin_ashenzari
D:6:      minmay_temple_entry_poolview, minivault_25, uniq_prince_ribbit1

Action                   |  1- 3 |  4- 6 |  7- 9 || total
-------------------------+-------+-------+-------++-------
Melee: Club              |    76 |       |       ||    76
       Whip              |    72 |       |       ||    72
       Flail             |     3 |   130 |   103 ||   236
Invok: Divine Shield     |       |       |     1 ||     1
 Stab: Distracted        |     1 |       |       ||     1
       Sleeping          |     1 |       |       ||     1
  Eat: Chunk             |    20 |       |       ||    20
